 Dungeon Crawl Stone Soup version 0.17-a0-1923-gc35365e (webtiles) character file.

159 musteatbrain the Chopper (level 5, -1/47 HPs)
             Began as a Minotaur Fighter on Sept 28, 2015.
             Killed from afar by a gnoll (10 damage)
             ... with a wand of fire
             ... on level 3 of the Dungeon.
             The game lasted 00:03:58 (2451 turns).

musteatbrain the Chopper (Minotaur Fighter)         Turns: 2451, Time: 00:03:59

Health: -1/47      AC:  6    Str: 27    XL:     5   Next: 17%
Magic:  4/4        EV:  7    Int:  5    God:
Gold:   90         SH: 10    Dex:  9    Spells: 0 memorised, 4 levels left

rFire  . . .     SeeInvis .     a - +0 war axe
rCold  . . .     Clarity  .     b - +0 scale mail
rNeg   . . .     SustAt   .     c - +0 shield
rPois  .         Gourm    .     (helmet restricted)
rElec  .         Spirit   .     (no cloak)
rCorr  .         Warding  .     (no gloves)
rMut   .         Stasis   .     (no boots)
MR     .....                    (no amulet)
Stlth  ..........               (no ring)
                                (no ring)

@: mighty, not resistant to hostile enchantments, extremely unstealthy
A: retaliatory headbutt, horns 2
a: no special abilities


You were on level 3 of the Dungeon.
You were very hungry.

You visited 1 branch of the dungeon, and saw 3 of its levels.

You collected 90 gold pieces.

Inventory:

Hand weapons
 a - a +0 war axe (weapon)
Armour
 b - a +0 scale mail (worn)
 c - a +0 shield (worn)
Jewellery
 g - an uncursed amulet of faith {unknown}
Magical devices
 o - a wand of slowing (31)
Scrolls
 f - a scroll of enchant armour {unknown}
 h - 4 scrolls of identify {unknown}
 l - a scroll of amnesia {unknown}
 m - a scroll of noise {unknown}
 q - a scroll of teleportation {unknown}
 t - a scroll of random uselessness {unknown}
Potions
 i - a potion of cancellation {unknown}
 j - a potion of flight {unknown}
 n - a potion of heal wounds {unknown}
 p - a potion of berserk rage {unknown}
 s - a potion of lignification {unknown}
Comestibles
 e - a bread ration
 k - a beef jerky
 r - a meat ration


   Skills:
 + Level 4.9 Fighting
 * Level 5.6 Axes
 - Level 3.6 Armour
 - Level 3.6 Shields


You had 4 spell levels left.
You didn't know any spells.

Dungeon Overview and Level Annotations

Branches:
Dungeon (3/15)

Altars:
Cheibriados


Innate Abilities, Weirdness & Mutations

You reflexively headbutt those who attack you in melee.
You have a pair of horns on your head.


Message History

f - a scroll labeled HOK SAXIAFUF You see here a hand axe.
You now have 90 gold pieces (gained 3).
t - a scroll labeled ICSURO MICAV You are feeling very hungry.
A gnoll comes into view. It is wielding a spear.
The gnoll shouts!
The gnoll zaps a wand.
The bolt of fire hits you!
It is a wand of fire.
The gnoll zaps a wand.
The bolt of fire hits you!
The gnoll zaps a wand.
The bolt of fire hits you!
* * * LOW HITPOINT WARNING * * *
You are too injured to fight recklessly!
You are too injured to fight recklessly!
You are too injured to fight recklessly!
You are too injured to fight recklessly!
You are too injured to fight recklessly!
Drink which item? (? for menu, Esc to quit)
You feel very mighty all of a sudden.
The gnoll zaps a wand.
The bolt of fire hits you!
You die...

#.# #.# #.# #.#
##### #.#
#.###...###
#.###.#........
##........#.#.##
###.........###.#
##.#.####.#.#....#
##g.#.#
#......#.##
##..@#.#
###.##.....
##....#.#
#.#######
#.......# #.#
.........## #.#
.........# #.
##########


You could see a gnoll.

Vanquished Creatures
  2 gnolls (D:3)
  7 adders
  A worm (D:2)
  2 giant geckos
  6 orcs
  A ball python (D:1)
  8 bats
  3 giant cockroaches
  12 goblins
  6 hobgoblins
  5 jackals
  2 giant newts
  4 kobolds
  8 rats
67 creatures vanquished.

Notes
Turn   | Place    | Note
--------------------------------------------------------------
     0 | D:1      | musteatbrain the Minotaur Fighter began the quest for the Orb.
     0 | D:1      | Reached XP level 1. HP: 19/19 MP: 0/0
   304 | D:1      | Reached XP level 2. HP: 27/27 MP: 1/1
   617 | D:1      | Reached skill level 4 in Fighting
   747 | D:1      | Reached XP level 3. HP: 30/33 MP: 2/2
  1109 | D:2      | Reached XP level 4. HP: 26/41 MP: 3/3
  1424 | D:2      | Found a snail-covered altar of Cheibriados.
  1507 | D:2      | Reached skill level 5 in Axes
  2115 | D:3      | Reached XP level 5. HP: 11/47 MP: 4/4
  2451 | D:3      | Killed from afar by a gnoll

Vault maps used:
D:1:      lemuel_arrival_behind_the_door_small
D:2:      serial_forest, infiniplex_forest_diagonal,
          infiniplex_forest_clump_diagonal, infiniplex_forest_clump_diagonal,
          infiniplex_forest_3_way, infiniplex_forest_lined_room_2,
          infiniplex_forest_side_room, infiniplex_forest_clump_diagonal,
          infiniplex_forest_lined_2, infiniplex_forest_diagonal,
          cheibriados_altar_wand_db
D:3:      nicolae_overflow_hidden_temple, hex_tiny, wad_orctagon, uniq_jessica

Action                   |  1- 3 |  4- 6 || total
-------------------------+-------+-------++-------
Melee: War axe           |    79 |    68 ||   147
  Use: Potion            |       |     3 ||     3
  Eat: Chunk             |       |     4 ||     4
